 Dungeon Crawl Stone Soup version 0.28.0-53-g5a82cb258f (webtiles) character file.

Game seed: 14713802835340563213

438 pesado the Firebug (level 7, 0/36 HPs)
             Began as a Gargoyle Fire Elementalist on May 21, 2022.
             Was an Initiate of Vehumet.
             Slain by Dowan
             ... wielding a +0 dagger of speed
              (1 damage)
             ... on level 4 of the Dungeon.
             The game lasted 00:08:21 (5668 turns).

pesado the Firebug (Gargoyle Fire Elementalist)     Turns: 5668, Time: 00:08:21

Health: 0/36       AC:  6    Str: 12    XL:     7   Next: 1%
Magic:  10/11      EV: 11    Int: 17    God:    Vehumet [......]
Gold:   201        SH:  0    Dex: 10    Spells: 3/12 levels left

rFire   . . .      SeeInvis .   b - +0 whip
rCold   + . .      Faith    .   (no shield)
rNeg    + . .      Spirit   .   a - +0 robe
rPois   ∞          Reflect  .   (no helmet)
rElec   +          Harm     .   (no cloak)
rCorr   .          Rampage  .   (no gloves)
Will    .....                   (no boots)
Stlth   ++........              (no amulet)
HPRegen 0.12/turn               j - ring of protection from cold
MPRegen 0.12/turn               (no ring)

@: brilliant, flying, hasted, very quick
A: sickness immunity, AC +4, negative energy resistance 1, electricity
resistance, torment resistance 1, petrification resistance
a: Renounce Religion


You were on level 4 of the Dungeon.
You worshipped Vehumet.
Vehumet was noncommittal.
You visited 2 branches of the dungeon, and saw 6 of its levels.

You collected 201 gold pieces.

Inventory:

Hand Weapons
 b - a +0 whip (weapon)
 g - a +0 hunting sling
Missiles
 e - a throwing net
 i - 118 stones
 k - 16 sling bullets
Armour
 a - a +0 robe (worn)
Jewellery
 j - a ring of protection from cold (left hand)
Scrolls
 d - 2 scrolls of immolation


   Skills:
 - Level 1.5 Dodging
 - Level 2.1 Stealth
 - Level 3.0 Spellcasting
 + Level 3.7 Conjurations
 + Level 6.3 Fire Magic


You had 3 spell levels left.
You knew the following spells:

 Your Spells              Type           Power      Damage    Failure   Level
a - Foxfire               Conj/Fire      100%       2x1d9     2%          1
b - Scorch                Fire           72%        2d9       1%          2
c - Conjure Flame         Conj/Fire      29%        6-21      7%          3
d - Inner Flame           Hex/Fire       19%        N/A       14%         3

Your spell library contained the following spells:

 Spells                   Type           Power      Damage    Failure   Level
 Gell's Gravitas          Tloc           3%         N/A       45%         3
 Lesser Beckoning         Tloc           3%         N/A       45%         3
 Teleport Other           Tloc           3%         N/A       45%         3
 Tukima's Dance           Hex            3%         N/A       45%         3
 Flame Wave               Conj/Fire      29%        2d8       22%         4
 Anguish                  Hex/Necr       1%         N/A       86%         4
 Enfeeble                 Hex            1%         N/A       100%        7


Dungeon Overview and Level Annotations

Branches:
Dungeon (5/15)             Temple (1/1) D:4

Altars:
Ashenzari
Dithmenos
Elyvilon
Fedhas
Hepliaklqana
Kikubaaqudgha
Makhleb
Okawaru
Qazlal
Uskayaw
Vehumet
Wu Jian
Xom
Yredelemnul
The Shining One

Shops:
D:1 [

Annotations:
D:3 ZappyNine's ghost, amateur PaFi
D:4 Dowan


Innate Abilities, Weirdness & Mutations

You are immune to sickness and miasma.
Your stone body is resilient. (AC +4)
You are immune to poison.
You resist negative energy. (rN+)
You are resistant to electric shocks. (rElec)
You are resistant to unholy torment.
You are immune to petrification.


Message History

You're too terrified to move while being watched!
Dowan barely misses you. Dowan hits you but does no damage.
Dowan hits you but does no damage.
Okay, then.
You're too terrified to move while being watched!
You're too terrified to move while being watched!
You aren't carrying any items that you can evoke.
j - a ring of protection from cold (left hypha) Dowan gestures at you while chanting.
The shard of ice hits you! You partially resist.
* * * LOW HITPOINT WARNING * * *
You can't do that in your present form.
Okay, then.
Unknown command.
Dowan barely misses you.
You're too terrified to move while being watched!
You're too terrified to move while being watched!
You're too terrified to move while being watched!
Dowan closely misses you. Dowan barely misses you.
Dowan hits you but does no damage.
You aren't carrying any potions.
Dowan barely misses you. Dowan completely misses you. Dowan misses you.
Dowan closely misses you. Dowan closely misses you. x2
You stop sporulating.
Your +0 whip unmelds from your body.
Your +0 robe unmelds from your body.
Dowan gestures at you while chanting. The stone arrow hits you!
* * * LOW HITPOINT WARNING * * *
Dowan hits you but does no damage.
Dowan hits you with a +0 dagger of speed.
* * * LOW HITPOINT WARNING * * *
Casting: Foxfire (safe; 2% risk of failure)
Confirm with . or Enter, or press ? or * to list all spells.
You feel a surge of power!
Flames lash Dowan.
Dowan is heavily wounded.
Dowan's fire resistance burns away.
Dowan hits you with a +0 dagger of speed.
You die...

#.....###...#.#.#......########.#
####### #...)...#...............#
#.......#...#..##########
#########.......#...#..#
.......##.......#...#..#
.......##.......#<..#..#
.......##......)#...#..#
.......##.......#e..#..##########
............#.#.@.#..............
............#.#####..####<#####.#
................................#
...........#.#.###.###......#####
...........#.#.#.#.#.#........#
..###....#.###.#.#.#(#.##.#.#.#
...##....#.............##.#.#.#
...##..................##.#.#.#
..).'......###.###.###.##.#.#.#


You could see Dowan (fast, combustible).

Vanquished Creatures
  Duvessa (D:4)
  A sky beast (D:4)
  A scorpion (D:4)
  A hound (D:4)
  A jelly (D:3)
  An orc wizard (D:4)
  An adder (D:2)
  An adder skeleton (D:4)
  3 worms
  3 dart slugs
  7 orcs
  5 endoplasms
  2 giant cockroaches
  5 goblins
  4 hobgoblins
  4 jackals (D:1)
  A quokka (D:3)
  4 ball pythons
  5 bats
  A frilled lizard (D:3)
  6 kobolds
  2 rats
  A spectral orc (D:3)
61 creatures vanquished.

Vanquished Creatures (others)
  159 foxfires
159 creatures vanquished.

Grand Total: 220 creatures vanquished

Notes
Turn   | Place    | Note
-------+----------+-------------------------------------------
     0 | D:1      | pesado the Gargoyle Fire Elementalist began the quest for
                  | the Orb.
     0 | D:1      | Reached XP level 1. HP: 10/10 MP: 3/3
   191 | D:1      | Reached XP level 2. HP: 4/15 MP: 0/5
   427 | D:1      | Learned a level 2 spell: Scorch
  1036 | D:1      | Found a faded altar of an unknown god.
  1185 | D:1      | Reached XP level 3. HP: 18/19 MP: 2/6
  1326 | D:1      | Found Jaelaoc's Antique Armour Emporium.
  1337 | D:1      | Learned a level 3 spell: Conjure Flame
  1643 | D:2      | Reached skill level 4 in Fire Magic
  2795 | D:3      | Found a runed translucent door.
  2796 | D:3      | Noticed ZappyNine's ghost (amateur PaFi)
  2811 | D:3      | Reached XP level 4. HP: 24/24 MP: 5/7
  3799 | D:3      | Found a basalt altar of Yredelemnul.
  4363 | D:4      | Noticed a scorpion
  4377 | D:4      | Learned a level 3 spell: Inner Flame
  4399 | D:4      | HP: 1/24 [scorpion (2)]
  4405 | D:4      | Killed a scorpion
  4406 | D:4      | Reached XP level 5. HP: 12/28 MP: 4/9
  4630 | D:4      | Found a staircase to the Ecumenical Temple.
  4635 | D:4      | Noticed a sky beast
  4637 | Temple   | Entered the Ecumenical Temple
  4737 | Temple   | Became a worshipper of Vehumet
  4780 | D:4      | Killed a sky beast
  4781 | D:4      | Reached skill level 5 in Fire Magic
  4781 | D:4      | Reached XP level 6. HP: 22/32 MP: 3/10
  4858 | D:5      | Entered Level 5 of the Dungeon
  5607 | D:4      | Noticed Duvessa
  5630 | D:4      | Noticed Dowan
  5636 | D:4      | Killed Duvessa
  5637 | D:4      | Reached skill level 6 in Fire Magic
  5637 | D:4      | Reached XP level 7. HP: 33/36 MP: 3/11
  5667 | D:4      | HP: 1/36 [Dowan/+0 dagger of speed (2)]
  5668 | D:4      | Slain by Dowan

Illustrated notes

Levels and vault maps discovered:
D:1:      mushboom_english_gardens, layout_rooms, serial_shops,
          nicolae_shop_behind_doors, hellmonk_ecumenical_altar_arch_garden,
          minmay_split_cup_large
D:2:      layout_basic, minmay_door_square
D:3:      layout_basic, yredelemnul_forgotten_temple_becter,
          ebering_ghost_inner_flame, grunt_decor_cap
D:4:      layout_basic, kennysheep_mini, minmay_temple_entry_wispy,
          serial_shops, shop, minmay_misc_feat_nine_boxes, uniq_pikel,
          uniq_duvessa
D:5:      layout_cave_pools, lemuel_tele_altar, mainiacjoe_overflow_catwalk,
          mainiacjoe_overflow_catwalk_spiral, water_maze_lemuel
Temple:   nicolae_temple_great_sept

Skill      XL: |  1  2  3  4  5  6 |
---------------+-------------------+-----
Fire Magic     | 4 5 6 |  6.3
Conjurations   | 2 3 |  3.7
Spellcasting   | 3 |  3.0
Dodging        | |  1.5
Stealth        | |  2.1

Action                   |  1- 3 |  4- 6 |  7- 9 || total
-------------------------+-------+-------+-------++-------
Melee: Unarmed           |     1 |     1 |       ||     2
       Whip              |    37 |    19 |       ||    56
       Punch             |     2 |     1 |       ||     3
 Fire: Hunting sling     |    12 |       |       ||    12
 Cast: Foxfire           |    43 |    62 |       ||   105
       Scorch            |    14 |    14 |     1 ||    29
  Use: Potion            |     1 |     1 |     6 ||     8
       Scroll            |     3 |     3 |       ||     6
 Stab: Sleeping          |     1 |     1 |       ||     2
Armor: Robe              |    40 |    21 |     1 ||    62
       Skin              |       |       |     9 ||     9
Dodge: Dodged            |    58 |    23 |    24 ||   105
